 Dungeon Crawl Stone Soup version 0.32-a0-953-g508020473e (webtiles) character file.

Game seed: 14991140992799315350

102 zazu2006 the Skirmisher (level 4, -5/45 HPs)
             Began as a Gnoll Wanderer on Apr 16, 2024.
             Slain by Grinder (10 damage)
             ... on level 3 of the Dungeon.
             The game lasted 00:03:11 (772 turns).

zazu2006 the Skirmisher (Gnoll Wanderer)             Turns: 772, Time: 00:03:12

Health: -5/45      AC:  2    Str: 11    XL:     4   Next: 78%
Magic:  2/5        EV: 11    Int: 13    God:
Gold:   115        SH:  0    Dex: 12    Spells: 2/5 levels left

rFire   . . .        g - +2 whip (elec)
rCold   . . .        (no shield)
rNeg    . . .        d - +0 robe
rPois   .            (no helmet)
rElec   .            (no cloak)
rCorr   .            (no gloves)
SInv    .            (no boots)
Will    .....        (no amulet)
Stlth   ++           (no ring)
HPRegen 0.27/turn    (no ring)
MPRegen 0.09/turn

%: no passive effects
@: no status effects
A: fangs 1, strong nose, distributed training
a: no special abilities


You were on level 3 of the Dungeon.
You visited 1 branch of the dungeon, and saw 3 of its levels.

You collected 115 gold pieces.

Inventory:

Hand Weapons
 a - a +3 sling
 b - a +0 mace
 g - a +2 whip of electrocution (weapon)
Armour
 d - a +0 robe (worn)
Jewellery
 k - an amulet of guardian spirit
Scrolls
 e - a scroll of torment {unknown}
 f - 4 scrolls of fog {unknown}
 h - a scroll of teleportation {unknown}
 j - a scroll of noise {unknown}
 l - a scroll of silence {unknown}
Potions
 c - 2 potions of brilliance
 m - a potion of lignification {unknown}


   Skills:
 + Level 8.6 Fighting
 + Level 1.3 Short Blades
 + Level 1.3 Long Blades
 + Level 1.3 Axes
 + Level 2.8 Maces & Flails
 + Level 1.3 Polearms
 + Level 1.3 Staves
 + Level 8.6 Ranged Weapons
 + Level 1.3 Throwing
 + Level 1.3 Armour
 + Level 1.3 Dodging
 + Level 2.6 Stealth
 + Level 1.3 Shields
 + Level 1.3 Unarmed Combat
 + Level 1.3 Spellcasting
 + Level 1.0 Conjurations
 + Level 1.0 Hexes
 + Level 1.0 Summonings
 + Level 1.0 Necromancy
 + Level 1.0 Translocations
 + Level 1.0 Fire Magic
 + Level 1.0 Ice Magic
 + Level 1.0 Air Magic
 + Level 1.0 Earth Magic
 + Level 1.0 Alchemy
 + Level 1.4 Invocations
 + Level 1.3 Evocations
 + Level 1.2 Shapeshifting


You had 2 spell levels left.
You knew the following spells:

 Your Spells              Type           Power      Damage    Failure   Level
a - Magic Dart            Conj           12%        1d3       19%         1
b - Blink                 Tloc           6%         N/A       26%         2

Your spell library contained the following spells:

 Spells                   Type           Power      Damage    Failure   Level
 Call Imp                 Summ           6%         N/A       26%         2


Dungeon Overview and Level Annotations

Branches:
Dungeon (3/15)

Altars:

Annotations:
D:3 Grinder


Innate Abilities, Weirdness & Mutations

You have very sharp teeth.
Your uncanny sense of smell can sniff out nearby items.
Your experience applies equally to all skills.


Message History

You suddenly lose the ability to move!
Grinder blinks!
Your magical contamination has completely faded away.
Grinder gestures at you.
You shrug off the repeated paralysis!
You can move again.
Unknown command.
Unknown command.
Unknown command.
It was a potion of curing.
You feel better.
Casting: Magic Dart (safe; 19% risk of failure)
Confirm with . or Enter, or press ? or * to list all spells.
Aiming: Magic Dart (safe; 19% risk of failure)
Press: ? - help, Shift-Dir - straight line, f/p - Grinder
Aim: Grinder (lightly wounded, 100% to hit)
The magic dart hits Grinder but does no damage.
Grinder is lightly wounded.
Unknown command.
You hit Grinder but do no damage. Lightning courses through Grinder!
Grinder is heavily wounded.
Grinder hits you!
You writhe in agony.
You completely miss Grinder.
Grinder is heavily wounded.
Grinder gestures at you. Pain shoots through your body!
You hit Grinder but do no damage.
Grinder is heavily wounded.
Grinder hits you.
You writhe in agony.
* * * LOW HITPOINT WARNING * * *
You hit Grinder.
Grinder is heavily wounded.
Grinder hits you.
* * * LOW HITPOINT WARNING * * *
You writhe in agony.
* * * LOW HITPOINT WARNING * * *
You hit Grinder.
Grinder is severely wounded.
Grinder hits you!
You die...
Grinder sighs, "Dead already?
I want a refund."

....######.#....#.#
#....... .. #.#....#.#
###########.#
#.#.#.##.#...... ###.#
#.#.#....#...... ###...#
#.#.#.#......... #...###
#...#.##.#...#####.#####
#####.##.###.#..........
......5.......>.########
#####.@...##......#
#.....##......#
#!....##......#
#.....##......# ##
#.....##......# #.
#....(##......# #.
#.....##......# #.
#############.# #. #.#
#.


You could see Grinder.

Vanquished Creatures
  Natasha (D:2)
  Terence (D:3)
  An adder (D:3)
  A hound simulacrum (D:3)
  2 adder simulacra (D:3)
  4 ball pythons
  An endoplasm (D:1)
  A giant cockroach (D:2)
  3 goblins
  6 hobgoblins
  3 kobolds
  A quokka (D:3)
  4 bats
  A frilled lizard (D:3)
  A rat (D:2)
31 creatures vanquished.

Notes
Turn   | Place    | Note
-------+----------+-------------------------------------------
     0 | D:1      | zazu2006 the Gnoll Wanderer began the quest for the Orb.
     0 | D:1      | zazu2006 set off with the following items: a +3 sling, a +0
                  | mace, a potion of brilliance, a +0 robe.
     0 | D:1      | Reached XP level 1. HP: 26/26 MP: 1/1
   157 | D:1      | Reached XP level 2. HP: 33/33 MP: 2/2
   309 | D:2      | Noticed Natasha
   320 | D:2      | Killed Natasha
   321 | D:2      | Reached skill level 1 in Invocations
   321 | D:2      | Reached XP level 3. HP: 38/38 MP: 2/4
   363 | D:2      | Reached skill level 1 in Short Blades
   363 | D:2      | Reached skill level 1 in Long Blades
   363 | D:2      | Reached skill level 1 in Axes
   363 | D:2      | Reached skill level 1 in Polearms
   363 | D:2      | Reached skill level 1 in Staves
   363 | D:2      | Reached skill level 1 in Throwing
   363 | D:2      | Reached skill level 1 in Armour
   363 | D:2      | Reached skill level 1 in Dodging
   363 | D:2      | Reached skill level 1 in Shields
   363 | D:2      | Reached skill level 1 in Unarmed Combat
   363 | D:2      | Reached skill level 1 in Spellcasting
   363 | D:2      | Reached skill level 1 in Evocations
   548 | D:3      | Found a runed translucent gate.
   549 | D:3      | Found a runed translucent gate.
   549 | D:3      | Found a runed translucent gate.
   606 | D:3      | Reached skill level 1 in Shapeshifting
   606 | D:3      | Reached XP level 4. HP: 23/45 MP: 5/5
   624 | D:3      | Noticed Terence
   638 | D:3      | Killed Terence
   639 | D:3      | Reached skill level 1 in Conjurations
   639 | D:3      | Reached skill level 1 in Hexes
   639 | D:3      | Reached skill level 1 in Summonings
   639 | D:3      | Reached skill level 1 in Necromancy
   639 | D:3      | Reached skill level 1 in Translocations
   639 | D:3      | Reached skill level 1 in Fire Magic
   639 | D:3      | Reached skill level 1 in Ice Magic
   639 | D:3      | Reached skill level 1 in Air Magic
   639 | D:3      | Reached skill level 1 in Earth Magic
   639 | D:3      | Reached skill level 1 in Alchemy
   645 | D:3      | Learned a level 2 spell: Blink
   647 | D:3      | Learned a level 1 spell: Magic Dart
   753 | D:3      | Noticed Grinder
   762 | D:3      | Paralysed by Grinder for 4 turns
   772 | D:3      | Slain by Grinder

Illustrated notes

Levels and vault maps discovered:
D:1:      dpeg_arrival_signposts, layout_loops_ring, serial_shops,
          nicolae_shop_gibbet_a_chance, hangedman_decor_diamond_cutter
D:2:      minmay_skewed_foursquare, layout_rooms, kennysheep_generic_room_6,
          uniq_natasha, uniq_crazy_yiuf_cottage
D:3:      layout_basic, gammafunk_ghost_icy, uniq_terence, uniq_grinder

Skill      XL: |  1  2  3  4 |
---------------+-------------+-----
Invocations    | 1 |  1.4
Short Blades   | 1 |  1.3
Long Blades    | 1 |  1.3
Axes           | 1 |  1.3
Polearms       | 1 |  1.3
Staves         | 1 |  1.3
Throwing       | 1 |  1.3
Armour         | 1 |  1.3
Dodging        | 1 |  1.3
Shields        | 1 |  1.3
Unarmed Combat | 1 |  1.3
Spellcasting   | 1 |  1.3
Evocations     | 1 |  1.3
Shapeshifting  | 1 |  1.2
Conjurations   | 1 |  1.0
Hexes          | 1 |  1.0
Summonings     | 1 |  1.0
Necromancy     | 1 |  1.0
Translocations | 1 |  1.0
Fire Magic     | 1 |  1.0
Ice Magic      | 1 |  1.0
Air Magic      | 1 |  1.0
Earth Magic    | 1 |  1.0
Alchemy        | 1 |  1.0
Fighting       | |  8.6
Maces & Flails | |  2.8
Ranged Weapons | |  8.6
Stealth        | |  2.6

Action                     |  1- 3 |  4- 6 || total
---------------------------+-------+-------++-------
  Melee: Whip              |    29 |    28 ||    57
         Bite              |     2 |     1 ||     3
   Fire: Sling             |    32 |       ||    32
   Cast: Magic Dart        |       |     3 ||     3
    Use: Potion            |       |     1 ||     1
   Stab: Sleeping          |     1 |       ||     1
 Armour: Robe              |    13 |    15 ||    28
  Dodge: Dodged            |    13 |     8 ||    21

Table legend: (Time is in decaauts)
 A = Elapsed time spent in this place.
 B = Non-inter-level travel time spent in this place.
 C = Inter-level travel time spent in this place.
 D = Time resting spent in this place.
 E = Time spent auto-exploring this place.
 F = Levels seen in this place.
 G = Mean time per level.
                   A        B        C        D        E       F      G
               +--------+--------+--------+--------+--------+-----+--------+
         Total |    766 |    766 |      0 |      0 |    350 |   3 |  255.3 |
       Dungeon |    766 |    766 |      0 |      0 |    350 |   3 |  255.3 |
               +--------+--------+--------+--------+--------+-----+--------+

Top non-repeatable levels by time:
     D:3: 348 daAuts
     D:1: 266 daAuts
     D:2: 151 daAuts
